[Event "*** Titled Tuesday Blitz"]
[Site "Chess.com"]
[Date "2020.04.28"]
[Round "1"]
[White "AlphalphaZero"]
[Black "CMFernandez"]
[Result "1/2-1/2"]
[WhiteElo "2489"]
[BlackElo "2071"]
[TimeControl "180+1"]
[EndTime "10:06:15 PDT"]
[Termination "Game drawn by repetition"]

1. e4 c5 2. Nf3 d6 3. d4 Nf6 4. Nc3 cxd4 5. Nxd4 Nc6 6. Bg5 e6 7. Qd2 a6 8. Nxc6 bxc6 9. O-O-O Be7 10. Bxf6 gxf6 11.
Kb1 Rb8 12. Bc4 Qb6 13. Bb3 c5 14. Ba4+ Bd7 15. Bxd7+ Kxd7 16. b3 Rhc8 17. f4 c4 18. Na4 Qb5 19. Ka1 f5 20. e5 d5 21.
Qe3 Bc5 22. Qh3 Qb4 23. Nxc5+ Rxc5 24. Qxh7 Ke7 25. Qh4+ Ke8 26. Qg3 c3 27. Qg8+ Ke7 28. Qg5+ Kd7 29. Qg7 Ke8 30. Qg8+ Ke7 31. Qg5+ Ke8 32.
Qg8+ 1/2-1/2

[Event "*** Titled Tuesday Blitz"]
[Site "Chess.com"]
[Date "2020.04.28"]
[Round "1"]
[White "ShieldingOff"]
[Black "Gubajdullin"]
[Result "0-1"]
[WhiteElo "2007"]
[BlackElo "2484"]
[TimeControl "180+1"]
[EndTime "10:06:15 PDT"]
[Termination "Gubajdullin won by checkmate"]

1. d4 d5 2. c4 c6 3. Nf3 Nf6 4. e3 a6 5. Qc2 Bg4 6. Ne5 Bh5 7.
Bd3 e6 8. Nd2 Nbd7 9. Ndf3 Bb4+ 10. Bd2 Bxd2+ 11. Qxd2 Ne4 12. Qc2 Qa5+ 13. Kf1 Nxe5 14.
Nxe5 Nd2+ 15. Kg1 dxc4 16. Nxc4 Nxc4 17. Bxc4 Qg5 18. h4 Qe7 19. Rh3 Bg6 20. Bd3 Bxd3 21. Qxd3 h5 22. Rc1 Rd8 23. Qe4 Qb4 24. b3 Qd2 25.
Qc2 Qxc2 26. Rxc2 Rd5 27. Rg3 g6 28. Kf1 Ke7 29. Ke2 Rc8 30. Rg5 Rxg5 31. hxg5 Kd6 32. b4 Ra8 33. Kd3 a5 34. a3 axb4 35.
axb4 Ra3+ 36. Kc4 b5# 0-1

[Event "*** Titled Tuesday Blitz"]
[Site "Chess.com"]
[Date "2020.04.28"]
[Round "1"]
[White "GadimbayliA"]
[Black "DaggiGretarsson"]
[Result "1-0"]
[WhiteElo "2911"]
[BlackElo "2454"]
[TimeControl "180+1"]
[EndTime "10:06:16 PDT"]
[Termination "GadimbayliA won by resignation"]

1. e4 g6 2. d4 Bg7 3. Nc3 d6 4. Nf3 a6 5. Be2 Nd7 6. O-O b5 7. Re1 Bb7 8. a4 b4 9. Na2 a5 10. c3 bxc3 11. Nxc3 e6 12. Bf4 Ne7 13. Rc1 O-O 14.
Qd2 Nc6 15. Nb5 Rc8 16. Bg5 Bf6 17. Bxf6 Qxf6 18. Qh6 Nb6 19. b3 Nb4 20. Rxc7 Rxc7 21. Nxc7 Rc8 22. Nb5 Qe7 23. Nxd6 Qxd6 24. Ng5 Qc7 25.
e5 Nd7 26. Qxh7+ 1-0

[Event "*** Titled Tuesday Blitz"]
[Site "Chess.com"]
[Date "2020.04.28"]
[Round "1"]
[White "2L8IWUN"]
[Black "Chichin_chao"]
[Result "1-0"]
[WhiteElo "2722"]
[BlackElo "2383"]
[TimeControl "180+1"]
[EndTime "10:06:16 PDT"]
[Termination "2L8IWUN won by resignation"]

1. d4 Nf6 2. Nf3 d6 3. g3 Nbd7 4.
Bg2 e5 5. O-O Be7 6. b3 exd4 7.
Nxd4 O-O 8. c4 a5 9. Nc3 Nc5 10. Bb2 Re8 11. a3 Bf8 12. Qc2 Na6 13. Nf5 c6 14. Rad1 Qc7 15. Ne4 Nxe4 16. Bxe4 d5 17.
Nh6+ Kh8 18. Bxh7 dxc4 19. Bg8 f5 20. Bxc4 b5 21. Bf7 Re7 22. Bh5 Re5 23. Bxe5 Qxe5 24.
Nf7+ 1-0

[Event "*** Titled Tuesday Blitz"]
[Site "Chess.com"]
[Date "2020.04.28"]
[Round "1"]
[White "Sadykov_Ramil"]
[Black "KingChess345"]
[Result "1-0"]
[WhiteElo "2520"]
[BlackElo "2141"]
[TimeControl "180+1"]
[EndTime "10:06:16 PDT"]
[Termination "Sadykov_Ramil won by resignation"]

1. e4 c5 2. Nf3 Nc6 3. Bb5 g6 4. Bxc6 dxc6 5. d3 Bg7 6. h3 e5 7. Be3 Qe7 8. Qd2 Nf6 9. Qc3 b6 10. b4 O-O 11. bxc5 b5 12. a4 Nh5 13. axb5 f5 14. bxc6 fxe4 15. dxe4 Nf4 16. Bxf4 exf4 17. e5 Be6 18. Nbd2 Rfc8 19. O-O Rxc6 20. Ne4 Bd5 21.
Rfd1 Rd8 22. Ra5 Kh8 23. Nd6 Bxf3 24. Qxf3 Rd7 25. Qxc6 1-0

[Event "*** Titled Tuesday Blitz"]
[Site "Chess.com"]
[Date "2020.04.28"]
[Round "1"]
[White "eightbyeightchess"]
[Black "ZCorrales"]
[Result "1-0"]
[WhiteElo "2502"]
[BlackElo "2070"]
[TimeControl "180+1"]
[EndTime "10:06:16 PDT"]
[Termination "eightbyeightchess won by checkmate"]

1. e4 c5 2. Nf3 Nc6 3. d4 cxd4 4.
c3 d3 5. Bxd3 g6 6. O-O Bg7 7.
c4 d6 8. h3 Nf6 9. Nc3 O-O 10.
Bg5 Be6 11. Qd2 Rc8 12. Nd5 Bxd5 13. exd5 Ne5 14. Nxe5 dxe5 15. Rfe1 e4 16. Bxe4 Rxc4 17. Bf3 Qd7 18. Rad1 Rd8 19. Qe2 Rb4 20. b3 h6 21.
Bc1 Rb6 22. Qxe7 Qxe7 23. Rxe7 Nxd5 24. Rxd5 Rxd5 25. Bxd5 Rd6 26. Bf3 Ra6 27. Be3 Rxa2 28. g3 Rb2 29. Rxb7 a5 30. Bd5 Rb1+ 31. Kg2 h5 32.
Bxf7+ Kh7 33. Bc4 a4 34. Bd4 a3 35. Rxg7+ Kh6 36. Ra7 Rb2 37. Bxb2 axb2 38. Bd3 g5 39. Rh7# 1-0

[Event "*** Titled Tuesday Blitz"]
[Site "Chess.com"]
[Date "2020.04.28"]
[Round "1"]
[White "Vaathi_Coming"]
[Black "Usurpov"]
[Result "1-0"]
[WhiteElo "2865"]
[BlackElo "2447"]
[TimeControl "180+1"]
[EndTime "10:06:17 PDT"]
[Termination "Vaathi_Coming won by resignation"]

1. d4 Nf6 2. c4 g6 3. Nc3 d5 4.
cxd5 Nxd5 5. e4 Nxc3 6. bxc3 Bg7 7. Nf3 c5 8. Be3 Qa5 9. Qd2 Nc6 10. Rc1 cxd4 11.
cxd4 Qxd2+ 12. Kxd2 O-O 13. d5 Rd8 14. Kc2 Nb4+ 15.
Kb3 Na6 16. Bb5 e6 17. Rhd1 exd5 18. exd5 Bd7 19. a4 Bf6 20. Bd4 Kg7 21. Bxf6+ Kxf6 22. Rd4 Bxb5 23. axb5 Nb8 24. Rf4+ Kg7 25. Ne5 Rxd5 26.
Rxf7+ Kh6 27. f4 Rxb5+ 28. Ka4 Rb6 29. Rc3 Ra6+ 30. Kb3 Rb6+ 31. Kc2 1-0

[Event "*** Titled Tuesday Blitz"]
[Site "Chess.com"]
[Date "2020.04.28"]
[Round "1"]
[White "WinningButNotReally"]
[Black "Igor_Lysyj"]
[Result "0-1"]
[WhiteElo "2420"]
[BlackElo "2799"]
[TimeControl "180+1"]
[EndTime "10:06:17 PDT"]
[Termination "Igor_Lysyj won by resignation"]

1. Nf3 Nf6 2. c4 e6 3. g3 d5 4. Bg2 Be7 5. O-O O-O 6. d4 Nbd7 7. Nc3 dxc4 8. a4 Nd5 9. Nd2 c5 10. dxc5 Nxc3 11. bxc3 Nxc5 12. Nxc4 Bd7 13. a5 Bb5 14. Nd2 Ba6 15. Ba3 Qxa5 16. Ne4 Qc7 17. Nxc5 Bxc5 18. Bxc5 Qxc5 19. Rxa6 Rad8 20. Qxd8 Rxd8 21. Bxb7 g6 22. Bf3 Rc8 23. Rfa1 Rc7 24. R6a3 Kg7 25. Kg2 h5 26. Rb3 a5 27. h4 Ra7 28. Rba3 g5 29. hxg5 Qxg5 30.
Ra4 Qe5 31. Rh4 Qxc3 32. Rah1 a4 33. Rxh5 a3 34. Rh8 a2 35. R1h7+ Kf6 36. Re8 0-1

[Event "*** Titled Tuesday Blitz"]
[Site "Chess.com"]
[Date "2020.04.28"]
[Round "1"]
[White "JSMastropiero"]
[Black "platy3"]
[Result "0-1"]
[WhiteElo "2400"]
[BlackElo "2755"]
[TimeControl "180+1"]
[EndTime "10:06:17 PDT"]
[Termination "platy3 won by resignation"]

1. d4 Nf6 2. c4 e6 3. Nf3 d5 4.
Bg5 dxc4 5. e3 a6 6. Bxc4 b5 7. Be2 Bb7 8. O-O Nbd7 9. a4 b4 10. Nbd2 c5 11. Nc4 h6 12. Bh4 Be7 13. a5 O-O 14.
Nfe5 cxd4 15. exd4 Rc8 16. Bd3 Nxe5 17. dxe5 Qd5 18. f3 Bc5+ 19. Kh1 Nh5 20. Qd2 Nf4 21. Qxf4 Qxd3 22. Rad1 Qc2 23. Nd6 Bxd6 24. exd6 g5 25. Qg4 Rc4 26. f4 f5 27. Qg3 Rxf4 28. Bxg5 Rg4 29.
Qf2 Bxg2+ 0-1

[Event "*** Titled Tuesday Blitz"]
[Site "Chess.com"]
[Date "2020.04.28"]
[Round "1"]
[White "vugarrasulov"]
[Black "kuba2006"]
[Result "1-0"]
[WhiteElo "2767"]
[BlackElo "2411"]
[TimeControl "180+1"]
[EndTime "10:06:18 PDT"]
[Termination "vugarrasulov won on time"]

1. e4 e5 2. Nf3 Nc6 3. Bb5 a6 4. Ba4 Nge7 5. O-O g6 6. c3 Bg7 7. d4 exd4 8. cxd4 b5 9. Bc2 O-O 10. d5 Na5 11. d6 cxd6 12. Nc3 Bb7 13. Bg5 h6 14. Bh4 Nc4 15. Rb1 Nxb2 16. Rxb2 Bxc3 17. Rb3 Bg7 18. Qxd6 g5 19. Nxg5 hxg5 20. Bxg5 f6 21. Rf3 fxg5 22. Bb3+ Nd5 23. Bxd5+ Bxd5 24. Qxd5+ Kh7 25.
Rh3+ Kg6 26. e5 Qc7 27. f4 Qc6 28. f5+ Rxf5 29. Qd3 Rf8 30. g4 Qc5+ 31. Kg2 Qxe5 32. Rhf3 Kh6 33. Rxf5 1-0

[Event "*** Titled Tuesday Blitz"]
[Site "Chess.com"]
[Date "2020.04.28"]
[Round "1"]
[White "Embrujada"]
[Black "sergoy"]
[Result "0-1"]
[WhiteElo "2447"]
[BlackElo "2867"]
[TimeControl "180+1"]
[EndTime "10:06:19 PDT"]
[Termination "sergoy won by resignation"]

1. b3 e5 2. Bb2 Nc6 3. e3 Nf6 4. Bb5 Bd6 5. Ne2 O-O 6. O-O a6 7.
Bxc6 dxc6 8. d4 e4 9. Ng3 Bg4 10. Qd2 Qe7 11. a4 Rad8 12. Na3 c5 13. Nc4 cxd4 14.
Nxd6 Qxd6 15. exd4 Rfe8 16. c4 Bh5 17. Nf5 Qe6 18. Qg5 Bg6 19. Ne3 c6 20. Rad1 h6 21. Qg3 Rd7 22. Rd2 Nh5 23. Qh4 f5 24. d5 Qf7 25. f3 exf3 26. Rxf3 Re4 27. Qf2 f4 28. Ng4 Qf5 29. h3 cxd5 30. Rfd3 Ng3 31. Rxd5 Rxd5 32. Rxd5 Qe6 33. Kh2 Re1 34. Qxf4 Nf1+ 35. Kh1 Ne3+ 36.
Kh2 Nxd5 37. Nxh6+ gxh6 38. Qxh6 Qd6+ 39. g3 Re2+ 40. Kg1 Qc5+ 0-1

[Event "*** Titled Tuesday Blitz"]
[Site "Chess.com"]
[Date "2020.04.28"]
[Round "1"]
[White "12teen"]
[Black "Orest_Vovk"]
[Result "1-0"]
[WhiteElo "2792"]
[BlackElo "2416"]
[TimeControl "180+1"]
[EndTime "10:06:19 PDT"]
[Termination "12teen won by resignation"]

1. e4 Nc6 2. Nc3 Nf6 3. g3 e6 4.
Bg2 Bb4 5. f4 d5 6. e5 Nd7 7. d4 Ne7 8. Nf3 Bxc3+ 9. bxc3 c5 10. O-O h5 11. h3 Nf5 12. Qe1 Qb6 13. Be3 h4 14. g4 Ng3 15. Rf2 Ne4 16. Re2 Ng3 17.
Rd2 c4 18. Nxh4 Rxh4 19. Qxg3 Rh8 20. Qe1 Qa5 21. Rf2 Nb6 22. f5 Na4 23. Bd2 Bd7 24.
Qe3 O-O-O 25. Qg5 Rhg8 26. Qe7 Rdf8 27. Raf1 Qd8 28. Qa3 b5 29. Qd6 Qc7 30. Qe7 Qd8 31.
Bg5 Qxe7 32. Bxe7 Re8 33. Bb4 exf5 34. gxf5 g6 35. e6 fxe6 36. f6 Ref8 37. f7 Rh8 38. Rf6 g5 39. Rg6 Kd8 40. Rxg5 Nb6 41. h4 Nc8 42. Bxf8 Rxf8 43. h5 Ne7 44. h6 Nf5 45. h7 Ke7 46. Rg8 Kxf7 47. Rxf8+ 1-0

[Event "*** Titled Tuesday Blitz"]
[Site "Chess.com"]
[Date "2020.04.28"]
[Round "1"]
[White "Koalaskakistis"]
[Black "EnergeticHay"]
[Result "0-1"]
[WhiteElo "2522"]
[BlackElo "2211"]
[TimeControl "180+1"]
[EndTime "10:06:19 PDT"]
[Termination "EnergeticHay won by resignation"]

1. e4 c5 2. Nf3 d6 3. Bb5+ Nd7 4. a4 Nf6 5. Nc3 a6 6. Be2 e6 7. O-O Be7 8. d4 cxd4 9. Qxd4 Qc7 10. Rd1 b6 11. Nd2 Bb7 12. Nc4 d5 13. exd5 Nxd5 14. Nxd5 Bxd5 15. Ne3 Nf6 16. Nxd5 exd5 17.
c3 O-O 18. Bf3 Bc5 19. Qh4 Rae8 20. Bf4 Qe7 21. Bg5 Rd8 22. Bxf6 Qxf6 23. Qxf6 gxf6 24. Bxd5 Rfe8 25. Rd2 Kf8 26. Rad1 Re5 27. g3 a5 28. h4 Rf5 29. Kg2 Bxf2 30. Rxf2 Rfxd5 0-1

[Event "*** Titled Tuesday Blitz"]
[Site "Chess.com"]
[Date "2020.04.28"]
[Round "1"]
[White "saikrishnaReturns"]
[Black "Caterpiller35"]
[Result "1-0"]
[WhiteElo "2631"]
[BlackElo "2304"]
[TimeControl "180+1"]
[EndTime "10:06:20 PDT"]
[Termination "saikrishnaReturns won by resignation"]

1. e4 c5 2. Nf3 Nc6 3. Nc3 e5 4. Bb5 d6 5. O-O Ne7 6. Nd5 Bd7 7. c3 a6 8. Bxc6 bxc6 9. Nxe7 Bxe7 10. d4 cxd4 11. cxd4 exd4 12. Nxd4 O-O 13. Bd2 Bf6 14.
Bc3 Re8 15. Re1 c5 16. Nc2 Bxc3 17. bxc3 Bc6 18. f3 d5 19. exd5 Qxd5 20. Ne3 Qg5 21. Kf2 Rad8 22. Qc2 Re6 23. Rad1 Rde8 24. Nf5 g6 25.
Ng3 h5 26. Rxe6 Rxe6 27. Qd2 Qxd2+ 28. Rxd2 h4 29. Ne2 h3 30. Nf4 Re8 31. Nxh3 Rb8 32.
Nf4 Kg7 33. Nd3 Rb5 34. Ne5 Be8 35. Rd8 Kf8 36. Nc4 Ke7 37. Rxe8+ Kxe8 38. Nd6+ Kd7 39. Nxb5 axb5 40. h4 Kc6 41. g4 Kd5 42. Ke3 Ke5 43.
f4+ Kd5 44. h5 gxh5 45. gxh5 Ke6 46. h6 Kf6 47. f5 1-0

[Event "*** Titled Tuesday Blitz"]
[Site "Chess.com"]
[Date "2020.04.28"]
[Round "1"]
[White "ParvizGasimov"]
[Black "walkingcreep"]
[Result "1-0"]
[WhiteElo "2362"]
[BlackElo "2640"]
[TimeControl "180+1"]
[EndTime "10:06:24 PDT"]
[Termination "ParvizGasimov won by resignation"]

1. e4 d6 2. d4 Nf6 3. Nc3 Nbd7 4. Nf3 e5 5. Bc4 Be7 6. O-O O-O 7. Re1 c6 8. a4 exd4 9. Nxd4 Ne5 10. Bf1 Re8 11.
h3 Ng6 12. f4 Qa5 13. Be3 Bd8 14. Qf3 Bd7 15. Rad1 Bb6 16. g4 h6 17. Nf5 Bxf5 18.
gxf5 Nh4 19. Qf2 Nxe4 20. Nxe4 Rxe4 21. Bxb6 Qxb6 22. Qxb6 axb6 23. Rxe4 Nxf5 24. Rde1 Kf8 25. Bd3 d5 26. Re8+ Rxe8 27. Rxe8+ Kxe8 28. Bxf5 Ke7 29. Kf2 Kd6 30. Ke3 Kc5 31. Bc8 Kb4 32. Bxb7 c5 1-0

[Event "*** Titled Tuesday Blitz"]
[Site "Chess.com"]
[Date "2020.04.28"]
[Round "1"]
[White "jtayar88"]
[Black "kingofkolkata"]
[Result "1-0"]
[WhiteElo "2583"]
[BlackElo "2250"]
[TimeControl "180+1"]
[EndTime "10:06:24 PDT"]
[Termination "jtayar88 won by checkmate"]

1. e4 e5 2. Nf3 Nc6 3. Nc3 Nf6 4. d4 exd4 5. Nd5 Bc5 6. Bg5 h6 7. Bxf6 gxf6 8. Qd2 Ne5 9. Qf4 Nxf3+ 10. gxf3 Be7 11. Nxc7+ Kf8 12. Nxa8 Bb4+ 13. Kd1 d5 14. Qc7 Qe8 15. a3 Be7 16. exd5 Bf5 17. Bd3 Bxd3 18.
cxd3 Qxa8 19. Rc1 Qe8 20. Re1 Qa4+ 21. Rc2 Qe8 22. d6 Kg7 23. Qxe7 Qb5 24. Rg1+ Qg5 25.
Rxg5+ hxg5 26. d7 Rxh2 27. d8=Q Rxf2 28. Qxf6+ Kh7 29. Qdh8# 1-0

[Event "*** Titled Tuesday Blitz"]
[Site "Chess.com"]
[Date "2020.04.28"]
[Round "1"]
[White "Mourinho_Jose"]
[Black "momojunkai"]
[Result "1-0"]
[WhiteElo "2568"]
[BlackElo "2209"]
[TimeControl "180+1"]
[EndTime "10:06:24 PDT"]
[Termination "Mourinho_Jose won by checkmate"]

1. Nf3 b6 2. g3 Bb7 3. Bg2 e6 4. d4 Nf6 5. O-O Be7 6. Re1 O-O 7. c4 d6 8. Nc3 Nbd7 9. e4 c5 10. d5 e5 11. h3 Nh5 12. Be3 g6 13. Bh6 Ng7 14. Qd2 f5 15. exf5 Nxf5 16. Bxf8 Bxf8 17.
Ne4 Bh6 18. Qd3 Nf8 19. h4 Qe7 20. a3 Nd4 21. Nxd4 cxd4 22. b3 Rc8 23. a4 Rd8 24. Qf3 Bc8 25. Rad1 Bf5 26. b4 a5 27. c5 bxc5 28. bxc5 Bxe4 29. Qxe4 dxc5 30. Qxe5 Qxe5 31. Rxe5 Bg7 32. Re7 c4 33. Rc7 c3 34. Kf1 Rd7 35. Rc8 Kf7 36. Ke2 g5 37. hxg5 Ng6 38. Kd3 Rb7 39. d6 Rd7 40. Bd5# 1-0

[Event "*** Titled Tuesday Blitz"]
[Site "Chess.com"]
[Date "2020.04.28"]
[Round "1"]
[White "EddieMarsalla"]
[Black "Joseph_Truelson"]
[Result "1-0"]
[WhiteElo "2562"]
[BlackElo "2223"]
[TimeControl "180+1"]
[EndTime "10:06:24 PDT"]
[Termination "EddieMarsalla won by resignation"]

1. d4 d5 2. Bg5 c5 3. e3 Nc6 4. c3 f6 5. Bh4 e5 6. dxe5 Nxe5 7. Nf3 Nxf3+ 8. Qxf3 Ne7 9. Nd2 Be6 10. Bg3 Qb6 11. Qd1 Nf5 12. Bd3 Bd6 13. Qc2 g6 14. e4 Nxg3 15.
hxg3 Kf7 16. O-O-O Rad8 17. exd5 Bxd5 18. Rxh7+ Rxh7 19. Bxg6+ Kg7 20. Bxh7 Bxg2 21. Qg6+ Kh8 22. Qh6 Bf8 23.
Qh2 1-0

[Event "*** Titled Tuesday Blitz"]
[Site "Chess.com"]
[Date "2020.04.28"]
[Round "1"]
[White "Blagorod"]
[Black "skoularikii"]
[Result "0-1"]
[WhiteElo "2132"]
[BlackElo "2515"]
[TimeControl "180+1"]
[EndTime "10:06:24 PDT"]
[Termination "skoularikii won by resignation"]

1. e4 e5 2. Nf3 Nc6 3. Bb5 a6 4. Ba4 b5 5. Bb3 Nf6 6. d4 d6 7.
dxe5 dxe5 8. Qxd8+ Nxd8 9. Nxe5 Bd6 10. Nf3 Nxe4 11. a4 Bb7 12. O-O O-O 13. Be3 Nc5 14.
Nd4 Be5 15. axb5 Nxb3 16. Nxb3 Bxb2 17. Ra2 Be5 18. b6 cxb6 19. Bxb6 Ne6 20. N1d2 Rfc8 21. c4 Bd6 22. Na5 Bc6 23. Rb1 Be8 24. Ne4 Be7 25.
Rc2 f6 26. Re1 Bg6 27. Rce2 Bb4 28. Nd6 Bxe1 29. Nxc8 Bxa5 30. Bxa5 Nd4 31. Rd2 Nc6 32. Rd6 Rxc8 33. Bb6 Ne5 34. c5 Nc4 35. Re6 Nxb6 36.
cxb6 Rc1+ 0-1

[Event "*** Titled Tuesday Blitz"]
[Site "Chess.com"]
[Date "2020.04.28"]
[Round "1"]
[White "JiaHaoxiang"]
[Black "Vespasian23"]
[Result "1/2-1/2"]
[WhiteElo "2578"]
[BlackElo "2265"]
[TimeControl "180+1"]
[EndTime "10:06:25 PDT"]
[Termination "Game drawn by repetition"]

1. d4 Nf6 2. c4 e6 3. Nf3 d5 4. g3 c6 5. Qc2 Be7 6. Bg2 O-O 7. O-O b6 8. Nbd2 Bb7 9. e4 dxe4 10.
Nxe4 Nbd7 11. Rd1 Rc8 12. Bf4 Nxe4 13. Qxe4 Nf6 14. Qc2 Bd6 15. Ne5 Qe7 16. Rac1 Rfd8 17. c5 Bxe5 18. Bxe5 Nd5 19. Bd6 Qf6 20. Bxd5 cxd5 21.
Qa4 bxc5 22. Bxc5 a6 23. Rc3 Qf5 24. Rdc1 h5 25. h4 e5 26. dxe5 d4 27. Bxd4 Rxc3 28. bxc3 Qe4 29. f3 Qxf3 30. Qc2 Qxg3+ 31. Kf1 Qh3+ 32.
Ke1 Qxh4+ 33. Qf2 Qh1+ 34. Kd2 Qd5 35. Ke1 Qh1+ 36. Kd2 Qd5 37. Ke1 Qh1+ 1/2-1/2

[Event "*** Titled Tuesday Blitz"]
[Site "Chess.com"]
[Date "2020.04.28"]
[Round "1"]
[White "Ind1anStar"]
[Black "calin_dragomirescu"]
[Result "1-0"]
[WhiteElo "2583"]
[BlackElo "2252"]
[TimeControl "180+1"]
[EndTime "10:06:25 PDT"]
[Termination "Ind1anStar won by checkmate"]

1. c4 g6 2. Nc3 Bg7 3. g3 Nf6 4.
Bg2 O-O 5. d3 d6 6. Nf3 e5 7. O-O Nc6 8. Rb1 a5 9. a3 Bd7 10. b4 axb4 11. axb4 Qc8 12. Bd2 Ne7 13. b5 Bh3 14. Ra1 Bxg2 15. Kxg2 Rxa1 16. Qxa1 Qa8 17. Qb2 b6 18. Ra1 Qb7 19. Qa3 Rb8 20. e4 Nd7 21.
Bg5 f6 22. Be3 Nc5 23. Nd5 Nxd5 24. cxd5 Kf7 25. Nd2 h6 26. d4 exd4 27. Bxd4 Re8 28. f3 f5 29. Bxg7 Kxg7 30. Qc3+ Kh7 31. Rf1 Re7 32.
Qf6 Rg7 33. exf5 Qxd5 34. fxg6+ Rxg6 35. Qe7+ Rg7 36. Qe3 Qd3 37. Qxd3+ Nxd3 38. Ne4 Nc5 39. Nf6+ Kg6 40. Nd5 Rf7 41. Re1 Nd3 42. Re8 Ne5 43.
f4 Nc4 44. Rc8 Na3 45. Nxc7 h5 46. Nd5 Nxb5 47. Nxb6 Rb7 48. Nd5 Rd7 49. Kf3 Nd4+ 50. Ke4 Ne6 51. f5+ Kf7 52. fxe6+ Kxe6 53. Nf4+ Kf7 54.
Nxh5 d5+ 55. Kd4 Kg6 56. Nf4+ Kf5 57. Rc5 Kg4 58. Rxd5 Rh7 59. Rh5 Rd7+ 60. Ke3 Re7+ 61. Kf2 Ra7 62. h3# 1-0

[Event "*** Titled Tuesday Blitz"]
[Site "Chess.com"]
[Date "2020.04.28"]
[Round "1"]
[White "AlanZhang"]
[Black "TregubovP"]
[Result "0-1"]
[WhiteElo "2163"]
[BlackElo "2525"]
[TimeControl "180+1"]
[EndTime "10:06:25 PDT"]
[Termination "TregubovP won on time"]

1. e4 e6 2. d4 d5 3. Nc3 Bb4 4. e5 c5 5. a3 Ba5 6. dxc5 Bxc3+ 7. bxc3 Ne7 8. Nf3 Nd7 9. Bd3 Nxc5 10. O-O h6 11. Be3 Qc7 12. Bd4 Bd7 13. Qe2 Rc8 14. Nd2 Nxd3 15. cxd3 Nf5 16. Nb3 Nxd4 17. cxd4 b6 18.
Rfc1 Qb7 19. f4 O-O 20. g4 Ba4 21. Nd2 Qe7 22. Qe1 Rxc1 23. Qxc1 Qh4 24. Nf1 Qxg4+ 25. Ng3 h5 26. Kf2 h4 27. Ne2 Qh3 28. Qg1 Rc8 29. Qg2 Qxd3 0-1

[Event "*** Titled Tuesday Blitz"]
[Site "Chess.com"]
[Date "2020.04.28"]
[Round "1"]
[White "Grandelicious"]
[Black "Irishchessman16"]
[Result "1-0"]
[WhiteElo "2762"]
[BlackElo "2406"]
[TimeControl "180+1"]
[EndTime "10:06:27 PDT"]
[Termination "Grandelicious won by resignation"]

1. e4 c5 2. Nf3 Nc6 3. Bb5 e6 4. O-O Nge7 5. c3 a6 6. Ba4 b5 7. Bc2 g6 8. d4 cxd4 9. cxd4 Bg7 10. Nc3 O-O 11. Ne2 d6 12. Be3 Bb7 13. Qd2 Qa5 14.
Qd1 Rac8 15. a3 d5 16. e5 b4 17. h4 Nf5 18. Bxf5 exf5 19. h5 Qb5 20. h6 Bh8 21. Nf4 Nd8 22. Ng5 Re8 23. Nd3 b3 24. a4 Qd7 25. Qxb3 a5 26. Nc5 Rxc5 27. dxc5 Bxe5 28. Rad1 Bc6 29. Bd4 Bxa4 30. Qc3 Bxd1 31. Bxe5 Ba4 32. Ra1 Bb5 33. Bd6 d4 34. Qxd4 Ne6 35. Nxe6 fxe6 36.
Rxa5 e5 37. Qd5+ Re6 38. Rxb5 1-0

[Event "*** Titled Tuesday Blitz"]
[Site "Chess.com"]
[Date "2020.04.28"]
[Round "1"]
[White "LittlePeasant"]
[Black "KrakenBeast"]
[Result "1/2-1/2"]
[WhiteElo "2751"]
[BlackElo "2411"]
[TimeControl "180+1"]
[EndTime "10:06:28 PDT"]
[Termination "Game drawn by agreement"]

1. d4 Nf6 2. c4 e6 3. Nc3 Bb4 4. Bd2 d5 5. Nf3 O-O 6. e3 a6 7. c5 b6 8. a3 Bxc3 9. Bxc3 bxc5 10. dxc5 Nc6 11. b4 Re8 12. Ne5 Nxe5 13. Bxe5 Nd7 14.
Bb2 c6 15. e4 Nf6 16. e5 Ne4 17. Bd3 f5 18. exf6 Nxf6 19. f4 e5 20. fxe5 Ng4 21. O-O Qh4 22. h3 Ne3 23. Qe1 Qg5 24. Rf2 Bxh3 25.
Qd2 Bxg2 26. Rxg2 Qxg2+ 27. Qxg2 Nxg2 28. Kxg2 a5 29. b5 cxb5 30. Bxb5 Re6 31. a4 Rg6+ 32. Kh2 Rf8 33. Rf1 Rh6+ 34. Kg2 Rg6+ 1/2-1/2

[Event "*** Titled Tuesday Blitz"]
[Site "Chess.com"]
[Date "2020.04.28"]
[Round "1"]
[White "monalize"]
[Black "shyam"]
[Result "0-1"]
[WhiteElo "2368"]
[BlackElo "2706"]
[TimeControl "180+1"]
[EndTime "10:06:29 PDT"]
[Termination "shyam won on time"]

1. e4 c5 2. Nf3 d6 3. d3 g6 4. g3 Bg7 5. Bg2 e5 6. O-O Ne7 7. c3 O-O 8. Nbd2 Nbc6 9. a4 h6 10.
Nc4 Be6 11. Re1 Qd7 12. a5 Rad8 13. Qa4 f5 14. exf5 gxf5 15. Qb5 e4 16. dxe4 fxe4 17. Nh4 d5 18. Nd2 c4 19. Nf1 Bh3 20. Be3 Bxg2 21. Nxg2 Ng6 22. Rad1 Nge5 23. Re2 Nd3 24. Nf4 Qf5 25.
Qxb7 Nce5 26. Kh1 Nf3 0-1

[Event "*** Titled Tuesday Blitz"]
[Site "Chess.com"]
[Date "2020.04.28"]
[Round "1"]
[White "kuli4ik"]
[Black "rynos0411"]
[Result "1-0"]
[WhiteElo "2691"]
[BlackElo "2353"]
[TimeControl "180+1"]
[EndTime "10:06:29 PDT"]
[Termination "kuli4ik won by resignation"]

1. Nf3 Nf6 2. g3 g6 3. b3 Bg7 4. Bb2 O-O 5. Bg2 d6 6. d4 Nc6 7. O-O e5 8. dxe5 Ng4 9. Qd2 Ngxe5 10. c4 Bf5 11. Nc3 Re8 12. Rad1 Qc8 13. Nd5 Nxf3+ 14. exf3 Ne5 15. f4 Nd7 16. Rfe1 Be6 17. Bxg7 Kxg7 18.
Qc3+ f6 19. Ne3 Nc5 20. b4 Na4 21. Qd4 a5 22. a3 Ra6 23. h4 c5 24. Qd2 axb4 25. axb4 cxb4 26. Qxb4 Nc5 27. Rd2 Rd8 28. Nd5 Bxd5 29. Bxd5 Qc7 30. Rde2 Rd7 31. Qc3 Na4 32.
Qd4 Nc5 33. Re8 Rf7 34. Bxf7 Kxf7 35. Qd5+ Kg7 36. R1e7+ 1-0

[Event "*** Titled Tuesday Blitz"]
[Site "Chess.com"]
[Date "2020.04.28"]
[Round "1"]
[White "wild_cat99"]
[Black "chessuriel"]
[Result "1/2-1/2"]
[WhiteElo "2542"]
[BlackElo "2212"]
[TimeControl "180+1"]
[EndTime "10:06:30 PDT"]
[Termination "Game drawn by repetition"]

1. Nf3 Nf6 2. c4 c5 3. Nc3 d5 4. e3 Nc6 5. b3 d4 6. exd4 cxd4 7. Na4 e5 8. d3 Bb4+ 9. Bd2 Bxd2+ 10. Qxd2 O-O 11.
g3 e4 12. Nh4 e3 13. fxe3 dxe3 14. Qb2 Ng4 15. Bg2 Nf2 16. O-O Qxd3 17. Rxf2 exf2+ 18. Qxf2 Qd4 19. Qxd4 Nxd4 20. Rd1 Nf5 21. Nxf5 Bxf5 22. Bxb7 Rad8 23. Bd5 Rfe8 24. Nc3 Re3 25. Nb5 a6 26.
Bxf7+ Kxf7 27. Rxd8 axb5 28. cxb5 Re2 29. a4 Bh3 30. b6 Rg2+ 31. Kh1 Rb2 32. Kg1 Rg2+ 33.
Kh1 Rb2 34. Kg1 Rxb3 35. a5 Rb2 36. a6 Rg2+ 37. Kh1 Rb2 38. Kg1 Rxb6 39. a7 Rf6 40. Rf8+ Kxf8 41. a8=Q+ Kf7 42. Qd5+ Kf8 43. Qd8+ Kf7 44.
Qc7+ Kf8 45. Qc5+ Kg8 46. Qc4+ Kf8 47. g4 Rf1+ 48. Qxf1+ Bxf1 49. Kxf1 Kf7 50. h4 Kf6 51. Kf2 Ke5 52. Ke3 g6 53. g5 Kf5 54. Kf3 Ke5 55. Kg4 Ke4 56. h5 Ke3 57. Kh4 Kf4 58.
hxg6 hxg6 59. Kh3 Kxg5 60. Kg3 Kf5 61. Kf3 Kg5 62. Kg3 Kh5 63. Kh3 Kg5 64. Kg3 1/2-1/2

[Event "*** Titled Tuesday Blitz"]
[Site "Chess.com"]
[Date "2020.04.28"]
[Round "1"]
[White "XDPS"]
[Black "WPWPWP-2015"]
[Result "1-0"]
[WhiteElo "2766"]
[BlackElo "2410"]
[TimeControl "180+1"]
[EndTime "10:06:31 PDT"]
[Termination "XDPS won by resignation"]

1. d4 Nf6 2. Nf3 d5 3. Bf4 c6 4. e3 Bf5 5. c4 e6 6. Qb3 Qb6 7. Nc3 Nbd7 8. c5 Qxb3 9. axb3 a6 10. b4 Rc8 11. Nd2 Be7 12. Nb3 Bd8 13. Na5 Bxa5 14.
bxa5 Kd8 15. Ra4 Ra8 16. Rb4 Ra7 17. Be2 Ne8 18. Kd2 f6 19. Ra1 e5 20. Bg3 Nc7 21.
Ra3 Nb5 22. Nxb5 axb5 23. f3 g5 24. Ra2 Re8 25. Rb3 Nb8 26. h4 h6 27. Ra1 Ra8 28.
Rba3 Na6 29. hxg5 hxg5 30. Rh1 Rc8 31. Rh6 exd4 32. exd4 Re6 33. Bd6 b4 34. Ra1 b3 35.
g4 Bc2 36. Rah1 Kd7 37. Rh7+ Bxh7 38. Rxh7+ Ke8 39. Rxb7 Rxd6 40. cxd6 Nb8 41. a6 Nd7 42. a7 Ra8 43. Bd3 Kd8 44. Bf5 Nb6 45. Rb8+ 1-0